[Event "Titled Tuesday Blitz October 19 2021"]
[White "Zhigalko, Sergei"]
[Black "atbenina64"]
[WhiteFideId "13502956"]
[WhiteElo "2662"]
[BlackElo "2575"]
[Result "1-0"]
[Round "05"]
[TimeControl "180+1"]
[Date "2021.10.19"]
[WhiteClock "0:00:06"]
[BlackClock "0:00:09"]

1. e4 e6 2. d4 d5 3. e5 c5 4. c3 Nc6 5. Nf3 Qc7 6. Bd3 f6 7. Bf4 Bd7 8. O-O O-O-O 9. Re1 h6 10. Bg3 f5 11. h4 c4 12. Bc2 Be8 13. b3 Na5 14. Nbd2 g5 15. b4 Nc6 16. hxg5 hxg5 17. Nxg5 Qg7 18. Ndf3 Be7 19. Qd2 Qh6 20. Kf1 Bh5 21. Bf4 Bg4 22. Ke2 Qg6 23. Rh1 Rxh1 24. Rxh1 Bxg5 25. Bxg5 Nge7 26. Rh6 Qf7 27. Rf6 Qg8 28. Kf1 Nb8 29. Rh6 Qf7 30. Bd1 Nd7 31. Bf6 Nxf6 32. Rxf6 Qg8 33. Qh6 Kd7 34. Ba4+ Nc6 35. Ng5 Re8 36. f3 Re7 37. fxg4 Rg7 38. Bxc6+ bxc6 39. Rxe6 Rxg5 40. Rd6+ Kc7 41. Rxc6+ Kb7 42. Qd6 Qf7 43. e6 Qh7 44. Qd7+ Qxd7 45. exd7 Rg8 46. Rc8 Rxc8 47. dxc8=Q+ Kxc8 48. gxf5 Kd7 49. g4 Ke7 50. g5 Kf7 51. Kf2 a5 52. bxa5 1-0


[Site "https://www.chess.com"]

[Event "Titled Tuesday Blitz October 19 2021"]
[White "Alavkin, Arseny"]
[Black "Timmermans, Mark"]
[WhiteFideId "4120612"]
[BlackFideId "1026399"]
[WhiteElo "2391"]
[BlackElo "2460"]
[Result "0-1"]
[Round "06"]
[TimeControl "180+1"]
[Date "2021.10.19"]
[WhiteClock "0:01:25"]
[BlackClock "0:01:03"]

1. d4 Nf6 2. c4 e6 3. Nc3 Bb4 4. e3 Ne4 5. Qb3 c5 6. Bd3 Nxc3 7. bxc3 Ba5 8. Nf3 O-O 9. O-O b6 10. Ba3 d6 11. Rad1 Qc7 12. e4 e5 13. d5 f5 14. exf5 Bxf5 15. Bxf5 Rxf5 16. Qc2 Qf7 17. Nd2 Nd7 18. Nb3 Rf8 19. Nxa5 bxa5 20. Rb1 Nb6 21. Qe2 Rf4 22. Bc1 Rh4 23. Bg5 Rh5 24. Be3 h6 25. g3 Qf5 26. g4 Qg6 27. f3 e4 28. f4 Rh4 29. h3 Rxh3 30. f5 Rg3+ 31. Kh2 Qxg4 32. Qxg4 Rxg4 33. Bf4 Nxc4 34. Bg3 Nd2 0-1


[Site "https://www.chess.com"]

[Event "Titled Tuesday Blitz October 19 2021"]
[White "Aradhya, Garg"]
[Black "Timofeev, Artyom"]
[WhiteFideId "25006746"]
[BlackFideId "4140419"]
[WhiteElo "2146"]
[BlackElo "2591"]
[Result "1-0"]
[Round "06"]
[TimeControl "180+1"]
[Date "2021.10.19"]
[WhiteClock "0:00:28"]
[BlackClock "0:00:49"]

1. d4 Nf6 2. c4 b6 3. Nc3 Bb7 4. Nf3 d5 5. cxd5 Nxd5 6. Qc2 e6 7. e4 Nxc3 8. bxc3 Be7 9. Bb5+ c6 10. Bd3 O-O 11. O-O c5 12. Qe2 Nc6 13. Bb2 Qc7 14. Rad1 Rfe8 15. d5 exd5 16. exd5 Na5 17. Qc2 h6 18. c4 Bd6 19. Qc3 f6 20. Bg6 Re7 21. Rfe1 Ba6 22. Rxe7 Qxe7 23. Re1 Qd7 24. Nd2 Be5 25. Rxe5 fxe5 26. Qxe5 Nxc4 27. Nxc4 Bxc4 28. Bf5 Qb7 29. Be6+ Kh7 30. Qe4+ g6 31. Qxc4 Re8 32. h4 Qc7 33. h5 Rxe6 34. dxe6 Qd6 35. hxg6+ Kxg6 36. Qg4+ 1-0


[Site "https://www.chess.com"]

[Event "Titled Tuesday Blitz October 19 2021"]
[White "Bordi, Kevin"]
[Black "Sawlin, Leonid"]
[WhiteFideId "621862"]
[BlackFideId "4689542"]
[WhiteElo "2747"]
[BlackElo "2412"]
[Result "1/2-1/2"]
[Round "06"]
[TimeControl "180+1"]
[Date "2021.10.19"]
[WhiteClock "0:00:08"]
[BlackClock "0:00:24"]

1. d4 e6 2. e4 d5 3. Nd2 c5 4. exd5 Qxd5 5. Ngf3 cxd4 6. Bc4 Qd7 7. O-O Nc6 8. Nb3 a6 9. Nbxd4 Nxd4 10. Qxd4 Qxd4 11. Nxd4 Bd7 12. Be2 Rc8 13. Bf3 Bc5 14. Nb3 Bc6 15. Bxc6+ Rxc6 16. Na5 Rc7 17. Bf4 Re7 18. a3 Nf6 19. b4 Nd5 20. Bg3 Bd4 21. Rad1 Bc3 22. Rd3 f6 23. Rfd1 Kf7 24. Nc4 b5 25. Nd6+ Kg6 26. Ne4 Rc8 27. Nc5 a5 28. Bd6 Ree8 29. Nxe6 Rxe6 30. Rxd5 axb4 31. axb4 Rd8 32. R5d3 Re1+ 33. Rxe1 Bxe1 34. Kf1 Re8 35. Bc5 Kf7 36. c3 f5 37. Bd4 g5 38. Re3 Bd2 39. Rxe8 Kxe8 40. g3 g4 41. Ke2 Bg5 42. Kd3 Kd7 43. c4 Kc6 44. Bc5 Bf6 45. cxb5+ Kxb5 46. Ke3 Be5 47. f3 h5 48. fxg4 fxg4 49. Kf2 Kc4 50. Kg2 Bc7 51. Be7 Be5 52. h3 Bc3 53. h4 Bd4 54. Bd6 Kb5 55. Kf1 Kc4 56. Ke2 Bb6 57. Bc5 Bc7 58. Kf2 Be5 59. Kg2 Bc7 60. Be7 Be5 61. Kf2 Bd4+ 62. Ke2 Be5 63. Kf2 Bd4+ 64. Kg2 Be5 65. Bf8 Bd4 66. Be7 Be5 1/2-1/2


[Site "https://www.chess.com"]

[Event "Titled Tuesday Blitz October 19 2021"]
[White "Bortnyk, Olexandr"]
[Black "Ghimpu, Samuel-Timotei"]
[WhiteFideId "14120828"]
[BlackFideId "1238175"]
[WhiteElo "2723"]
[BlackElo "2012"]
[Result "1-0"]
[Round "06"]
[TimeControl "180+1"]
[Date "2021.10.19"]
[WhiteClock "0:00:46"]
[BlackClock "0:00:34"]

1. e4 e6 2. d4 d5 3. Nc3 Nf6 4. Bg5 dxe4 5. Nxe4 Nbd7 6. Nf3 h6 7. Bxf6 Nxf6 8. Bd3 Nxe4 9. Bxe4 c5 10. Qd2 cxd4 11. O-O-O Bc5 12. Kb1 O-O 13. g4 Bd7 14. g5 hxg5 15. Nxg5 f6 16. Nh7 Re8 17. Rhg1 Kh8 18. Qe2 Qe7 19. Qh5 Kg8 20. Rg6 Qf7 21. Nxf6+ Kf8 22. Qxc5+ 1-0


[Site "https://www.chess.com"]

[Event "Titled Tuesday Blitz October 19 2021"]
[White "Ceres, Dragos"]
[Black "Abarca Gonzalez, Nicolas"]
[WhiteFideId "13905864"]
[BlackFideId "3409422"]
[WhiteElo "2094"]
[BlackElo "2504"]
[Result "0-1"]
[Round "06"]
[TimeControl "180+1"]
[Date "2021.10.19"]
[WhiteClock "0:00:18"]
[BlackClock "0:02:10"]

1. e4 c5 2. Nf3 d6 3. d4 cxd4 4. Nxd4 Nf6 5. Nc3 g6 6. Be2 Bg7 7. Be3 O-O 8. Qd2 Nc6 9. O-O-O Nxd4 10. Bxd4 Be6 11. Kb1 Qc7 12. h4 Rfc8 13. f3 Qa5 14. g4 Rxc3 15. Qxc3 Qxa2+ 16. Kc1 Qa1+ 17. Kd2 Qa4 18. b3 Nxe4+ 19. fxe4 Qxd4+ 20. Qxd4 Bxd4 21. c3 Be5 22. c4 a5 23. Rb1 Kg7 24. h5 g5 25. Kd3 a4 26. bxa4 Rxa4 27. Bf3 Ra3+ 28. Ke2 Bxc4+ 29. Kf2 Ra2+ 30. Ke1 Bg3+ 31. Kd1 Rf2 32. Rb4 Bd3 33. Rh3 Rxf3 34. Rb3 Be2+ 0-1


[Site "https://www.chess.com"]

[Event "Titled Tuesday Blitz October 19 2021"]
[White "Chernobay, Artem"]
[Black "Erdogdu, Mert"]
[WhiteFideId "4167406"]
[BlackFideId "6301495"]
[WhiteElo "2480"]
[BlackElo "2485"]
[Result "0-1"]
[Round "06"]
[TimeControl "180+1"]
[Date "2021.10.19"]
[WhiteClock "0:00:57"]
[BlackClock "0:01:38"]

1. d4 d5 2. c4 e6 3. Nc3 c5 4. cxd5 exd5 5. dxc5 d4 6. Na4 b5 7. cxb6 axb6 8. b3 b5 9. Nb2 Nc6 10. Nd3 Nf6 11. g3 Qd5 12. Nf3 Bf5 13. Bg2 Be4 14. O-O Bd6 15. Nf4 Bxf4 16. Bxf4 O-O 17. Qd2 d3 18. Ne1 Nd4 19. Bxe4 Nxe2+ 20. Kh1 Nxe4 0-1


[Site "https://www.chess.com"]

[Event "Titled Tuesday Blitz October 19 2021"]
[White "Demchenko, Anton"]
[Black "Svane, Rasmus"]
[WhiteFideId "4160258"]
[BlackFideId "4657101"]
[WhiteElo "2583"]
[BlackElo "2643"]
[Result "1-0"]
[Round "06"]
[TimeControl "180+1"]
[Date "2021.10.19"]
[WhiteClock "0:01:56"]
[BlackClock "0:00:31"]

1. e4 c6 2. d4 d5 3. e5 Bf5 4. Bd3 Bxd3 5. Qxd3 Qa5+ 6. Nd2 e6 7. Nf3 Qa6 8. c4 c5 9. O-O Nc6 10. dxc5 Bxc5 11. a3 Rd8 12. Qc2 Be7 13. cxd5 Rxd5 14. Ne4 f5 15. exf6 Nxf6 16. Neg5 Nd8 17. Re1 O-O 18. Be3 h6 19. Nh3 Rf5 20. Nd4 Rc5 21. Qg6 Nf7 22. Nxe6 Ne5 23. Qxg7# 1-0


[Site "https://www.chess.com"]

[Event "Titled Tuesday Blitz October 19 2021"]
[White "Erdogmus, Yagiz Kaan"]
[Black "Khanin, Semen"]
[WhiteFideId "44599790"]
[BlackFideId "4111990"]
[WhiteElo "1783"]
[BlackElo "2436"]
[Result "1/2-1/2"]
[Round "06"]
[TimeControl "180+1"]
[Date "2021.10.19"]
[WhiteClock "0:00:04"]
[BlackClock "0:00:04"]

1. e4 c5 2. Nf3 e6 3. d4 cxd4 4. Nxd4 Nc6 5. Nc3 Qc7 6. f4 a6 7. Be3 b5 8. a3 Bb7 9. Be2 Nxd4 10. Qxd4 Nf6 11. Bf3 Rc8 12. e5 Ng8 13. Bxb7 Qxb7 14. O-O Nh6 15. Qd2 Nf5 16. Bf2 h5 17. Rad1 h4 18. h3 Be7 19. Rfe1 Rc4 20. b3 Rc8 21. Ne4 Bxa3 22. b4 Rc4 23. Nc5 Qd5 24. Qe2 Qc6 25. c3 O-O 26. Nxd7 Rc8 27. Nb6 Rxc3 28. Nxc8 Qxc8 29. Bb6 Qc6 30. Rd8+ Kh7 31. Bd4 Rc2 32. Qh5+ Nh6 33. Bf2 Bxb4 34. Rf1 Bc5 35. Qxh4 b4 36. Rd3 Qe4 37. Rf3 a5 38. Bxc5 Rxc5 39. Re1 Qd4+ 40. Kh1 a4 41. Rg3 b3 42. Qg5 g6 43. h4 Nf5 44. Rh3 Qf2 45. Rg1 Ng7 46. h5 gxh5 47. g4 Rc2 48. gxh5 Qxg1+ 49. Qxg1 b2 50. Rh2 Rc1 51. Rxb2 Rxg1+ 52. Kxg1 Nf5 53. Ra2 Kh6 54. Rxa4 Kxh5 55. Kf2 Kg4 56. Re4 Ne7 57. Rc4 Nd5 58. Rd4 Kf5 59. Kf3 Ne7 60. Rd7 Nd5 61. Rxf7+ Kg6 62. Rd7 Kf5 63. Rf7+ Kg6 64. Rb7 Kf5 65. Rf7+ 1/2-1/2


[Site "https://www.chess.com"]

[Event "Titled Tuesday Blitz October 19 2021"]
[White "Gaehwiler, Gabriel"]
[Black "Holt, Conrad"]
[WhiteFideId "1314530"]
[BlackFideId "2034387"]
[WhiteElo "2320"]
[BlackElo "2586"]
[Result "1-0"]
[Round "06"]
[TimeControl "180+1"]
[Date "2021.10.19"]
[WhiteClock "0:00:04"]
[BlackClock "0:00:02"]

1. d4 d5 2. c4 c6 3. Nf3 Nf6 4. Nc3 dxc4 5. a4 Bf5 6. Ne5 Nbd7 7. Nxc4 Nb6 8. Ne5 a5 9. g3 e6 10. Bg2 Bb4 11. O-O O-O 12. e3 h6 13. Qe2 Bh7 14. Rd1 Nfd7 15. Nxd7 Nxd7 16. e4 Qe7 17. Be3 Rfd8 18. h4 Nf6 19. f3 Qc7 20. Bf2 Nh5 21. e5 f5 22. Qc4 Qf7 23. f4 g5 24. hxg5 hxg5 25. Ne2 Be7 26. Qb3 gxf4 27. Nxf4 Nxf4 28. gxf4 Kh8 29. Rd3 Rg8 30. Kf1 Rg4 31. Qxb7 Rag8 32. Bxc6 Rxf4 33. Rf3 Rxf3 34. Bxf3 f4 35. Ke2 Qf5 36. Qxe7 Qd3+ 37. Ke1 Qxf3 38. Qf6+ Rg7 39. Rc1 Qe4+ 40. Kd2 Qd3+ 41. Ke1 Qe4+ 42. Kd2 Qb7 43. Qf8+ Rg8 44. Qf6+ Rg7 45. Ke1 Bf5 46. d5 1-0


[Site "https://www.chess.com"]

[Event "Titled Tuesday Blitz October 19 2021"]
[White "Goltsev, Dmitry"]
[Black "Paltrinieri, Nicholas"]
[WhiteFideId "24176710"]
[BlackFideId "828262"]
[WhiteElo "2334"]
[BlackElo "2254"]
[Result "1-0"]
[Round "06"]
[TimeControl "180+1"]
[Date "2021.10.19"]
[WhiteClock "0:00:10"]
[BlackClock "0:00:05"]

1. e4 e6 2. d4 d5 3. exd5 exd5 4. Bd3 c5 5. dxc5 Bxc5 6. Nf3 Nf6 7. O-O O-O 8. Bg5 h6 9. Bh4 g5 10. Nxg5 hxg5 11. Bxg5 Nbd7 12. Qf3 Bd6 13. Nc3 Kg7 14. Nxd5 Be5 15. Qf5 Re8 16. Rae1 Nf8 17. Qf3 N8d7 18. Re4 Qa5 19. Rxe5 Rxe5 20. Bxf6+ Kf8 21. Bxe5 Nxe5 22. Qe4 Be6 23. Qxe5 Qxd5 24. Qh8+ Ke7 25. Qxa8 Bh3 26. gxh3 Qg5+ 27. Kh1 Qd5+ 28. f3 Kf6 29. Qh8+ Ke7 30. Qh6 Qd4 31. Qd2 Qf6 32. Qe2+ Kd7 33. Qe4 Kc7 34. Re1 1-0


[Site "https://www.chess.com"]

[Event "Titled Tuesday Blitz October 19 2021"]
[White "Harshavardhan G B"]
[Black "Le, Tuan Minh"]
[WhiteFideId "25059009"]
[BlackFideId "12401153"]
[WhiteElo "1825"]
[BlackElo "2450"]
[Result "0-1"]
[Round "06"]
[TimeControl "180+1"]
[Date "2021.10.19"]
[WhiteClock "0:00:08"]
[BlackClock "0:00:05"]

1. d4 Nf6 2. c4 Nc6 3. Nf3 e6 4. a3 g6 5. Nc3 Bg7 6. e4 d6 7. Be2 O-O 8. O-O e5 9. d5 Nd4 10. Nxd4 exd4 11. Qxd4 Re8 12. Qd3 Qe7 13. f3 Nd7 14. Qc2 f5 15. Bd3 Nc5 16. Be3 fxe4 17. fxe4 Bd7 18. Rae1 a5 19. b4 axb4 20. axb4 Ra3 21. bxc5 Rxc3 22. Qb1 dxc5 23. Bd2 Ra3 24. Bc1 Bd4+ 25. Kh1 Rc3 26. e5 Bxe5 27. Bd2 Ra3 28. Bf4 Qd6 29. Rxe5 Rxe5 30. Qb2 Rxd3 31. Bxe5 Qe7 32. Bxc7 Bf5 33. Qxb7 h5 34. Qb8+ Qf8 35. Qb6 Qe8 36. Qf6 Qe2 37. Qa1 Rd2 38. Rg1 Be4 39. Qf1 Qxf1 40. Rxf1 Bxg2+ 41. Kg1 Bxf1 42. Kxf1 Rd4 43. Ke2 Kf7 44. Ke3 Rxc4 45. Bd6 Rd4 46. Bxc5 Rxd5 47. Bd4 Ke6 48. Ke4 Ra5 49. Be3 Ra4+ 50. Kf3 Kf5 0-1


[Site "https://www.chess.com"]

[Event "Titled Tuesday Blitz October 19 2021"]
[White "Indjic, Aleksandar"]
[Black "Samunenkov, Ihor"]
[WhiteFideId "911925"]
[BlackFideId "14187086"]
[WhiteElo "2643"]
[BlackElo "2305"]
[Result "1-0"]
[Round "06"]
[TimeControl "180+1"]
[Date "2021.10.19"]
[WhiteClock "0:02:01"]
[BlackClock "0:01:59"]

1. d4 Nf6 2. Nf3 e6 3. Bf4 d5 4. e3 Bd6 5. Nbd2 O-O 6. Ne5 c5 7. c3 Qc7 8. Bd3 Nbd7 9. Ndf3 Ne4 10. Qb1 Ndf6 11. h4 b6 12. Ng5 cxd4 13. exd4 Bb7 14. f3 Nxc3 15. bxc3 Qxc3+ 16. Bd2 Qxd4 17. Bxh7+ 1-0


[Site "https://www.chess.com"]

[Event "Titled Tuesday Blitz October 19 2021"]
[White "Jaracz, Pawel"]
[Black "Nguyen, Ngoc Truong Son"]
[WhiteFideId "1102222"]
[BlackFideId "12401110"]
[WhiteElo "2495"]
[BlackElo "2596"]
[Result "1-0"]
[Round "06"]
[TimeControl "180+1"]
[Date "2021.10.19"]
[WhiteClock "0:00:21"]
[BlackClock "0:00:01"]

1. e4 e5 2. Nf3 Nf6 3. Nxe5 d6 4. Nf3 Nxe4 5. Nc3 Nf6 6. d4 g6 7. Bg5 Bg7 8. Qd2 h6 9. Be3 Nc6 10. O-O-O Ne7 11. h3 Be6 12. g4 c6 13. Bd3 b5 14. Ne4 Nfd5 15. Bf4 Nc8 16. Rde1 Nxf4 17. Qxf4 O-O 18. h4 Bd5 19. g5 h5 20. Nf6+ Bxf6 21. gxf6 Bxf3 22. Qxf3 Re8 23. Qxc6 Rxe1+ 24. Rxe1 Nb6 25. Re7 Rc8 26. Qb7 Qf8 27. Qe4 d5 28. Qf4 Re8 29. Rxa7 Nc4 30. c3 Re1+ 31. Kc2 Qe8 32. Qf3 Re6 33. b3 1-0


[Site "https://www.chess.com"]

[Event "Titled Tuesday Blitz October 19 2021"]
[White "Jobava, Baadur"]
[Black "Zhigalko, Sergei"]
[WhiteFideId "13601520"]
[BlackFideId "13502956"]
[WhiteElo "2731"]
[BlackElo "2662"]
[Result "1/2-1/2"]
[Round "06"]
[TimeControl "180+1"]
[Date "2021.10.19"]
[WhiteClock "0:00:21"]
[BlackClock "0:00:06"]

1. d4 Nf6 2. c4 e6 3. Nc3 Bb4 4. e3 O-O 5. Ne2 d5 6. a3 Be7 7. cxd5 exd5 8. Ng3 a5 9. Bd3 Re8 10. O-O Bf8 11. Bd2 g6 12. Rc1 c6 13. e4 dxe4 14. Ncxe4 Nbd7 15. Re1 Bg7 16. Qf3 Nd5 17. Bg5 f6 18. Bd2 Nf8 19. Bc4 Be6 20. Nc5 Bf7 21. Rxe8 Qxe8 22. Nxb7 Qb8 23. Nxa5 Qxb2 24. Rd1 Qb6 25. Ne4 Rxa5 26. Bxa5 Qxa5 27. Bxd5 Bxd5 28. Nxf6+ Bxf6 29. Qxf6 Qxa3 30. h3 Qa7 31. Re1 Qf7 32. Qd8 Qd7 33. Qf6 Qf7 34. Qd8 Qd7 35. Qf6 Qf7 1/2-1/2


[Site "https://www.chess.com"]

[Event "Titled Tuesday Blitz October 19 2021"]
[White "Kamsky, Gata"]
[Black "Djordjevic, Vuk"]
[WhiteFideId "2000024"]
[BlackFideId "902098"]
[WhiteElo "2603"]
[BlackElo "2463"]
[Result "1-0"]
[Round "06"]
[TimeControl "180+1"]
[Date "2021.10.19"]
[WhiteClock "0:01:02"]
[BlackClock "0:00:07"]

1. d4 Nf6 2. Nf3 e6 3. Bf4 d5 4. e3 Bd6 5. Ne5 O-O 6. Nd2 c5 7. c3 Qc7 8. Bd3 Nbd7 9. Ndf3 Ne4 10. Qc2 f5 11. Nxd7 Bxd7 12. Bxd6 Qxd6 13. Bxe4 fxe4 14. Ne5 Bb5 15. O-O-O cxd4 16. exd4 Rac8 17. Kb1 a5 18. Rhe1 Be8 19. Qd2 b5 20. Rc1 Bh5 21. h4 Qe7 22. g4 Bg6 23. h5 Be8 24. Qe3 Qf6 25. Rf1 Qf4 26. Qxf4 Rxf4 27. f3 h6 28. Rce1 b4 29. fxe4 Rxf1 30. Rxf1 bxc3 31. exd5 exd5 32. Rc1 Bb5 33. Rxc3 Rf8 34. Rc5 Rf1+ 35. Kc2 Rf2+ 36. Kc3 Be2 37. Rxa5 1-0


[Site "https://www.chess.com"]

[Event "Titled Tuesday Blitz October 19 2021"]
[White "Kovalev, Vladislav"]
[Black "Iskusnyh, Sergei"]
[WhiteFideId "13504398"]
[BlackFideId "4120027"]
[WhiteElo "2573"]
[BlackElo "2492"]
[Result "1-0"]
[Round "06"]
[TimeControl "180+1"]
[Date "2021.10.19"]
[WhiteClock "0:00:03"]
[BlackClock "0:00:02"]

1. e4 e6 2. d4 d5 3. Bd3 c5 4. exd5 exd5 5. Nf3 Nf6 6. O-O Nc6 7. Re1+ Be7 8. dxc5 O-O 9. Be3 Ng4 10. Nbd2 Nxe3 11. Rxe3 Bxc5 12. Re2 Qf6 13. c3 Bb6 14. Qc2 h6 15. h3 Be6 16. Rae1 Rac8 17. Qa4 Rfd8 18. a3 g6 19. Qh4 Kg7 20. Qxf6+ Kxf6 21. Nh2 h5 22. Nhf3 g5 23. h4 gxh4 24. Nxh4 Rg8 25. Kh2 Rg4 26. g3 Bc7 27. Ndf3 Rcg8 28. Kh1 Bb6 29. Nh2 R4g5 30. N2f3 Rg4 31. Nh2 R4g7 32. N2f3 Bg4 33. Rd2 Rd8 34. Bb5 Rgg8 35. Kg2 Rge8 36. Rxe8 Rxe8 37. Rxd5 a6 38. Rd6+ Re6 39. Rxe6+ Bxe6 40. Bd3 Bd5 41. Kf1 Ne5 42. Nxe5 Kxe5 43. Be2 f5 44. f4+ Kf6 45. Bxh5 Be3 46. Ke2 Bc1 47. b4 Bxa3 48. Kd2 b6 49. Be2 a5 50. bxa5 bxa5 51. Bd3 Be6 52. Bb5 Bc5 53. Ke2 Bb3 54. Nf3 a4 55. Nd2 Bc2 56. Bc4 a3 57. Ba2 Bb6 58. Kf3 Bc5 59. g4 fxg4+ 60. Kxg4 Be3 61. Nc4 Bd1+ 62. Kg3 Bc1 63. Nd6 Bc2 64. Kf3 Bd2 65. Nb5 Bc1 66. Nd4 Bd1+ 67. Ke4 Bb2 68. Nb5 Be2 69. c4 Bf1 70. Kd5 Bg2+ 71. Kd6 Bc1 72. c5 Bxf4+ 73. Kd7 Bc1 74. Nd6 Bh3+ 75. Kc7 1-0


[Site "https://www.chess.com"]

[Event "Titled Tuesday Blitz October 19 2021"]
[White "Krsnik Cohar, Ivan Vihor"]
[Black "Mikhalevski, Victor"]
[WhiteFideId "14520044"]
[BlackFideId "2801914"]
[WhiteElo "2414"]
[BlackElo "2577"]
[Result "0-1"]
[Round "06"]
[TimeControl "180+1"]
[Date "2021.10.19"]
[WhiteClock "0:00:02"]
[BlackClock "0:00:41"]

1. e4 e5 2. Nf3 Nc6 3. d4 exd4 4. Nxd4 Nf6 5. Nxc6 bxc6 6. e5 Qe7 7. Qe2 Nd5 8. h4 d6 9. c4 Nb6 10. exd6 cxd6 11. Be3 Be6 12. Qc2 d5 13. cxd5 Bxd5 14. Nc3 Qb4 15. O-O-O Be6 16. Rd4 Qa5 17. Bd2 Qf5 18. Bd3 Qxf2 19. Re4 Be7 20. h5 h6 21. Re2 Qc5 22. Be3 Qa5 23. Bd2 O-O 24. Rhe1 Nd5 25. a3 Bf6 26. Ne4 Qb6 27. Nxf6+ Nxf6 28. Bc3 Nd5 29. Bd2 Rab8 30. Rxe6 fxe6 31. Rxe6 Nf4 32. Bh7+ Kh8 33. Re1 Rbe8 34. Rh1 Ne2+ 35. Kb1 Nd4 36. Qd3 Rf2 37. Bc3 c5 38. Qg3 Ree2 0-1


[Site "https://www.chess.com"]

[Event "Titled Tuesday Blitz October 19 2021"]
[White "Kuegel, Tobias"]
[Black "Ozen, Bahadir"]
[WhiteFideId "4636295"]
[BlackFideId "6337058"]
[WhiteElo "2504"]
[BlackElo "2503"]
[Result "0-1"]
[Round "06"]
[TimeControl "180+1"]
[Date "2021.10.19"]
[WhiteClock "0:00:01"]
[BlackClock "0:00:44"]

1. e4 e6 2. d4 d5 3. Nd2 c5 4. exd5 exd5 5. Ngf3 Nf6 6. Bb5+ Bd7 7. Qe2+ Be7 8. dxc5 O-O 9. O-O Bxc5 10. Nb3 Re8 11. Qd3 Bb6 12. Bxd7 Nbxd7 13. Bg5 Qc7 14. c3 Re4 15. Bh4 Rae8 16. Bg3 Qc8 17. Nfd2 R4e7 18. Nf3 Re4 19. Nfd2 Ra4 20. a3 Rg4 21. Rfe1 Nf8 22. Nf3 Ng6 23. Rxe8+ Qxe8 24. Re1 Re4 25. Rf1 h5 26. Bd6 Qe6 27. Bc5 Nf4 28. Qd1 Qg4 29. g3 Qh3 30. gxf4 Rxf4 31. Bd6 Rxf3 32. Bg3 Rxg3+ 0-1


[Site "https://www.chess.com"]

[Event "Titled Tuesday Blitz October 19 2021"]
[White "Machidon, Cristi"]
[Black "Lazavik, Denis"]
[WhiteFideId "13904590"]
[BlackFideId "13515110"]
[WhiteElo "2312"]
[BlackElo "2436"]
[Result "0-1"]
[Round "06"]
[TimeControl "180+1"]
[Date "2021.10.19"]
[WhiteClock "0:00:09"]
[BlackClock "0:00:30"]

1. d4 Nf6 2. Bf4 e6 3. e3 d5 4. Nd2 Bd6 5. Bg3 O-O 6. Ngf3 c5 7. c3 Qc7 8. Bd3 Nbd7 9. e4 dxe4 10. Nxe4 Nxe4 11. Bxe4 Nf6 12. Bc2 b6 13. dxc5 Bxg3 14. hxg3 Qxc5 15. Qd4 Qxd4 16. Nxd4 Bb7 17. f3 h5 18. Kf2 Rfd8 19. Rad1 Kf8 20. Rd2 Ke7 21. Re1 g6 22. Bb3 Rac8 23. Rde2 Bd5 24. Re5 Rc5 25. R5e2 b5 26. a3 a5 27. Rd2 Rdc8 28. Bxd5 Rxd5 29. Red1 a4 30. Nc2 Rxd2+ 31. Rxd2 Nd5 32. Nd4 Rc5 33. Ke2 Nb6 34. Kd3 e5 35. Re2 Kd6 36. Nc2 Rd5+ 37. Ke3 Nc4+ 38. Kf2 Nxb2 39. Ne3 Nd1+ 40. Nxd1 Rxd1 41. Rb2 Kc5 0-1


[Site "https://www.chess.com"]

[Event "Titled Tuesday Blitz October 19 2021"]
[White "Mischuk, Dmitry"]
[Black "Obregon, Andres Carlos"]
[WhiteFideId "14118734"]
[BlackFideId "111724"]
[WhiteElo "2369"]
[BlackElo "2572"]
[Result "0-1"]
[Round "06"]
[TimeControl "180+1"]
[Date "2021.10.19"]
[WhiteClock "0:00:13"]
[BlackClock "0:00:33"]

1. e4 c6 2. d4 d5 3. e5 c5 4. Nf3 Nc6 5. dxc5 Bg4 6. c3 e6 7. Be3 Bxf3 8. Qxf3 Nge7 9. Bb5 a6 10. Ba4 Qa5 11. Bxc6+ Nxc6 12. b4 Qb5 13. Qe2 Nxe5 14. Qxb5+ axb5 15. Ke2 Be7 16. Nd2 Ra3 17. Bd4 Bf6 18. f4 Nc6 19. Bxf6 gxf6 20. Nb3 Ke7 21. Rhd1 Rha8 22. Kd3 Rxa2 23. Rxa2 Rxa2 24. Rd2 Ra3 25. Rb2 e5 26. g3 Ke6 27. Kc2 Kf5 28. Kd3 h5 29. Rb1 Ra2 30. Rf1 e4+ 31. Ke3 Rxh2 32. Rd1 Ke6 33. Ra1 Rg2 34. Ra8 Rxg3+ 35. Kd2 Rg2+ 36. Kd1 Kf5 37. Rc8 Kxf4 38. Rc7 e3 39. Rxf7 Ke4 40. Nc1 Ne5 41. Rxf6 Rd2+ 42. Ke1 Nf3+ 43. Kf1 Rf2# 0-1


[Site "https://www.chess.com"]

[Event "Titled Tuesday Blitz October 19 2021"]
[White "Nigmatov, Ortik"]
[Black "Savchenko, Boris"]
[WhiteFideId "14202131"]
[BlackFideId "4147332"]
[WhiteElo "2346"]
[BlackElo "2526"]
[Result "0-1"]
[Round "06"]
[TimeControl "180+1"]
[Date "2021.10.19"]
[WhiteClock "0:01:41"]
[BlackClock "0:01:54"]

1. e4 c5 2. Nf3 d6 3. d4 cxd4 4. Nxd4 Nf6 5. Nc3 a6 6. Bg5 e6 7. Qe2 Be7 8. h4 h6 9. Bd2 b5 10. O-O-O b4 11. Nb1 Qb6 12. Be1 Nc6 13. Nxc6 Qxc6 14. f3 Rb8 15. g4 Nd7 16. Nd2 a5 17. Qc4 Qa8 18. Nb3 a4 19. Nd4 Ne5 20. Qe2 b3 21. cxb3 axb3 22. a3 O-O 23. Kb1 Bb7 24. Rh2 Rfc8 25. g5 hxg5 26. hxg5 Bxg5 27. Bb4 Nxf3 28. Bxd6 Bxe4+ 29. Ka1 Nxd4 30. Qh5 Nc2+ 0-1


[Site "https://www.chess.com"]

[Event "Titled Tuesday Blitz October 19 2021"]
[White "Nogerbek, Kazybek"]
[Black "Hambleton, Aman"]
[WhiteFideId "13710427"]
[BlackFideId "2606577"]
[WhiteElo "2436"]
[BlackElo "2552"]
[Result "1-0"]
[Round "06"]
[TimeControl "180+1"]
[Date "2021.10.19"]
[WhiteClock "0:00:42"]
[BlackClock "0:00:03"]

1. e4 b6 2. d4 Bb7 3. Nc3 e6 4. Nf3 Bb4 5. Bd3 Nf6 6. e5 Ne4 7. O-O Nxc3 8. bxc3 Bxc3 9. Rb1 Bd5 10. Ng5 Nc6 11. Nxh7 Qh4 12. Bg5 Qxd4 13. Qh5 Qxe5 14. Bg6 Nd8 15. Nf6+ gxf6 16. Qxh8+ Ke7 17. Bh6 Nc6 18. Qxa8 Kd6 19. Bf8+ Ne7 20. Qd8 Qg5 21. Bxe7+ Kc6 22. Be4 Bxe4 23. Qa8# 1-0


[Site "https://www.chess.com"]

[Event "Titled Tuesday Blitz October 19 2021"]
[White "Obrien, Matthew"]
[Black "Shipov, Sergei"]
[WhiteFideId "2059150"]
[BlackFideId "4113624"]
[WhiteElo "2590"]
[BlackElo "2777"]
[Result "0-1"]
[Round "06"]
[TimeControl "180+1"]
[Date "2021.10.19"]
[WhiteClock "0:00:01"]
[BlackClock "0:00:10"]

1. e4 e6 2. d4 d5 3. Nc3 h6 4. Nf3 Nf6 5. Bd3 Bb4 6. e5 Ne4 7. O-O Nxc3 8. bxc3 Bxc3 9. Rb1 Nc6 10. Ba3 b6 11. Bb5 Qd7 12. Qd3 Ba5 13. c4 a6 14. Bxc6 Qxc6 15. Rfc1 dxc4 16. Rxc4 Qd7 17. d5 Bb7 18. d6 c5 19. Rg4 g6 20. h4 h5 21. Rf4 Bd5 22. Ng5 Bxa2 23. Rb2 Bd5 24. Rxf7 Qxf7 25. Nxf7 Kxf7 26. Qe3 Kg7 27. Rd2 Rae8 28. Rd1 Rhf8 29. Bb2 Bc6 30. Qg5 Rf7 31. d7 Bxd7 32. Rd6 c4 33. Qe3 b5 34. Qd4 Bc8 35. Rxa6 Bxa6 0-1


[Site "https://www.chess.com"]